 Seeded DCSS version 0.29.1-15-g9cfb28693d (webtiles) character file.

Game seed: 5214485507283407809 (custom seed)

914 GigaChad the Chopper (level 7, -2/61 HPs)
             Began as a Minotaur Fighter on Mar 12, 2023.
             Was an Initiate of Gozag.
             Slain by a gnoll
             ... wielding a +0 flail
             ... led by a gnoll sergeant
              (4 damage)
             ... on level 5 of the Dungeon.
             The game lasted 00:05:44 (5198 turns).

GigaChad the Chopper (Minotaur Fighter)             Turns: 5198, Time: 00:05:45

Health: -2/61      AC:  8    Str: 23    XL:     7   Next: 82%
Magic:  6/6        EV: 10    Int:  5    God:    Gozag
Gold:   389        SH:  4    Dex:  9    Spells: 6/6 levels left

rFire   . . .      SeeInvis .   a - +0 war axe
rCold   . . .      Faith    .   c - +0 buckler
rNeg    . . .      Spirit   .   b - +1 scale mail
rPois   .          Reflect  .   (helmet restricted)
rElec   .          Harm     .   (no cloak)
rCorr   .          Rampage  .   (no gloves)
Will    .....                   (no boots)
Stlth   ..........              (no amulet)
HPRegen 0.20/turn               (no ring)
MPRegen 0.10/turn               (no ring)

@: gold aura
A: horns 2, retaliatory headbutt
a: Renounce Religion, Potion Petition, Call Merchant, Bribe Branch


You were on level 5 of the Dungeon.
You worshipped Gozag.
Gozag was aware of your devotion.
You visited 1 branch of the dungeon, and saw 5 of its levels.
You also visited: Sewer.

You collected 427 gold pieces.
You paid 38 gold pieces to Gozag.

Inventory:

Hand Weapons
 a - a +0 war axe (weapon)
Armour
 b - a +1 scale mail (worn)
 c - a +0 buckler (worn)
Jewellery
 k - a ring of ice
 u - a ring of protection from cold
Wands
 r - a wand of flame (18)
Scrolls
 h - a scroll of immolation
 j - 4 scrolls of teleportation
 n - a scroll of magic mapping
 p - a scroll of fear
Potions
 d - 3 potions of might
 f - 3 potions of resistance
 g - a potion of flight {unknown}
 i - a potion of attraction {unknown}
 l - a potion of lignification {unknown}
 m - 2 potions of curing {unknown}
 o - a potion of cancellation {unknown}
 q - 2 potions of brilliance {unknown}
 s - 5 potions of degeneration {unknown}
 t - 3 potions of haste
 v - 2 potions of mutation {unknown}
 B - a potion of heal wounds {unknown}


   Skills:
 + Level 5.3 Fighting
 + Level 7.6 Axes
 + Level 6.0 Armour
 + Level 2.6 Dodging
 + Level 0.7 Stealth
 + Level 4.8 Shields


You had 6 spell levels left.
You didn't know any spells.
Your spell library contained the following spells:

 Spells                   Type           Power      Damage    Failure   Level
 Poisonous Vapours        Pois/Air       0%         N/A       94%         2
 Sublimation of Blood     Necr           0%         N/A       94%         2
 Wereblood                Tmut           0%         N/A       94%         2
 Summon Guardian Golem    Hex/Summ       0%         N/A       99%         3
 Orb of Destruction       Conj           0%         9d5       100%        7
 Spellforged Servitor     Conj/Summ      0%         N/A       100%        7
 Summon Hydra             Summ           0%         N/A       100%        7
 Corpse Rot               Necr/Pois/Air  Unusable   N/A       N/A         4

Dungeon Overview and Level Annotations

Branches:
Dungeon (5/15)             Temple (0/1) D:4           Sewer (visited)

Altars:
Gozag
Zin

Annotations:
D:5 2 transporters, deadpool521's ghost, amateur MiFi


Innate Abilities, Weirdness & Mutations

You have a pair of horns on your head.
You reflexively headbutt those who attack you in melee.


Message History

The gnoll hits you with a +0 whip!
The gnoll sergeant hits you from afar with a +0 trident.
You hit the gnoll.
You kill the gnoll!
You hit the gnoll but do no damage. x2; The gnoll hits you with a +0 flail!
The gnoll closely misses you. The gnoll hits you with a +0 whip.
The gnoll sergeant hits you from afar with a +0 trident!
You are too injured to fight recklessly!
You are too injured to fight recklessly!
You are too injured to fight recklessly!
You are too injured to fight recklessly!
You are too injured to fight recklessly!
You are too injured to fight recklessly!
You are too injured to fight recklessly!
You are too injured to fight recklessly!
You are too injured to fight recklessly!
You are too injured to fight recklessly!
Unknown command.
The gnoll hits you with a +0 flail! You block the gnoll's attack.
The gnoll hits you with a +0 whip.
* * * LOW HITPOINT WARNING * * *
You barely miss the gnoll. You completely miss the gnoll. x2
The gnoll closely misses you. x2; The gnoll misses you.
You furiously retaliate!
You headbutt the gnoll! You block the gnoll's attack.
The gnoll sergeant hits you from afar with a +0 trident!
* * * LOW HITPOINT WARNING * * *
You slash the gnoll!
The gnoll is almost dead.
You slash the gnoll!
You kill the gnoll!
You hit the gnoll.
You kill the gnoll!
The gnoll closely misses you.
The gnoll hits you from afar with a +0 halberd!
* * * LOW HITPOINT WARNING * * *
The gnoll sergeant closely misses you. You block the gnoll's attack.
The gnoll barely misses you. You block the gnoll sergeant's attack.
You block the gnoll's attack. The gnoll hits you with a +0 flail.
You die...
Your body crumbles into a pile of gold.

#..........##'###
#...............#
#....)..<.......#
#...............#
#...............#
#.........).....#
#...(...........#
#...............#
#@............(.#
#.....g$g.............#
#.....g...............#
#...<.................#
#..................(..#
#.....................#
#.....................#
#.....................#
############


You could see a gnoll sergeant and 2 gnolls.

Vanquished Creatures
  Menkaure (D:5)
  2 ice beasts (D:5)
  2 scorpions (D:4)
  2 howler monkeys
  An orc priest (D:4)
  2 hounds (D:5)
  3 iguanas
  An orc wizard (D:3)
  3 gnolls (D:5)
  3 river rats (Sewer)
  8 adders
  An ufetubus (D:4)
  A worm (D:3)
  7 orcs
  7 endoplasms
  3 giant cockroaches
  9 goblins
  7 hobgoblins
  4 jackals
  6 kobolds
  7 quokkas
  12 ball pythons
  4 bats
  9 frilled lizards
  14 rats
119 creatures vanquished.

Notes
Turn   | Place    | Note
-------+----------+-------------------------------------------
     0 | D:1      | GigaChad the Minotaur Fighter began the quest for the Orb.
     0 | D:1      | Reached XP level 1. HP: 19/19 MP: 0/0
   176 | D:1      | Reached XP level 2. HP: 25/27 MP: 1/1
   841 | D:2      | Reached XP level 3. HP: 28/33 MP: 2/2
   884 | D:2      | Reached skill level 3 in Axes
  1358 | D:2      | Reached skill level 1 in Dodging
  1358 | D:2      | Reached XP level 4. HP: 40/40 MP: 3/3
  2162 | D:3      | Found a faded altar of an unknown god.
  2220 | D:3      | Found a glowing drain.
  2242 | Sewer    | Entered a sewer
  2252 | Sewer    | Reached XP level 5. HP: 47/47 MP: 4/4
  2333 | Sewer    | Reached skill level 4 in Axes
  3093 | D:3      | Found a glowing silver altar of Zin.
  3094 | D:3      | Found an opulent altar of Gozag.
  3113 | D:3      | Became a worshipper of Gozag Ym Sagoz the Greedy
  3297 | D:4      | Reached skill level 5 in Axes
  3297 | D:4      | Reached XP level 6. HP: 17/55 MP: 5/5
  3610 | D:4      | Reached skill level 5 in Armour
  3861 | D:4      | Found a staircase to the Ecumenical Temple.
  3928 | D:4      | Reached skill level 5 in Fighting
  4126 | D:5      | Entered Level 5 of the Dungeon
  4142 | D:5      | Noticed an ice beast
  4150 | D:5      | Killed an ice beast
  4151 | D:5      | Reached skill level 6 in Axes
  4151 | D:5      | Reached XP level 7. HP: 43/61 MP: 6/6
  4325 | D:5      | Noticed Menkaure
  4333 | D:5      | Killed Menkaure
  4872 | D:5      | Reached skill level 7 in Axes
  5125 | D:5      | Noticed deadpool521's ghost (amateur MiFi)
  5128 | D:5      | Found a transporter.
  5140 | D:5      | Found a transporter.
  5197 | D:5      | HP: 2/61 [gnoll/+0 halberd[a gnoll sergeant] (8)]
  5198 | D:5      | Slain by a gnoll

Illustrated notes

Levels and vault maps discovered:
D:1:      doesnt_arrival_eight_statues, layout_loops_cross
D:2:      layout_basic, minivault_11, hangedman_abyss_or_decor_stabs,
          minmay_circle_x
D:3:      layout_loops_ring, grunt_temple_overflow_gold_and_silver,
          ebering_ecumenical_altar_box, portal_sewer_entry_b
D:4:      layout_cave_pools, minmay_temple_entry_wispy
D:5:      layout_gridville, gammafunk_ghost_arena, uniq_menkaure

Skill      XL: |  1  2  3  4  5  6  7 |
---------------+----------------------+-----
Fighting       | 4 5 |  5.3
Armour         | 4 5 6 |  6.0
Shields        | 4 |  4.8
Axes           | 3 5 6 7 |  7.6
Dodging        | 1 2 |  2.6
Stealth        | |  0.7

Action                   |  1- 3 |  4- 6 |  7- 9 || total
-------------------------+-------+-------+-------++-------
Melee: War axe           |    88 |   157 |    34 ||   279
       Headbutt          |    16 |    16 |     5 ||    37
  Use: Scroll            |       |    10 |     3 ||    13
Armor: Scale mail        |    52 |    50 |    18 ||   120
Dodge: Dodged            |    42 |    69 |    20 ||   131
Block: Buckler           |    21 |    32 |     9 ||    62
